 Dungeon Crawl Stone Soup version 0.30-a0-292-g0f741e3f8e (webtiles) character file.

Game seed: 4489674186855984019

4 droidtality the Caller (level 1, -1/7 HPs)
             Began as a Felid Summoner on Oct 17, 2022.
             Slain by a goblin
             ... wielding a +0 club
              (5 damage)
             ... on level 1 of the Dungeon.
             The game lasted 00:00:33 (72 turns).

droidtality the Caller (Felid Summoner)               Turns: 72, Time: 00:00:34

Health: -1/7       AC:  1    Str:  4    XL:     1   Next: 50%
Magic:  2/4        EV: 17    Int: 16    God:
Gold:   10         SH:  0    Dex: 16    Spells: 3/4 levels left
                                        Lives:  0   Deaths: 0

rFire   . . .      SeeInvis +    (weapon unavailable)
rCold   . . .      Faith    .    (shield unavailable)
rNeg    . . .      Spirit   .    (body armour unavailable)
rPois   .          Reflect  .    (helmet unavailable)
rElec   .          Harm     .    (cloak unavailable)
rCorr   .          Rampage  .    (gloves unavailable)
Will    .....                    (boots unavailable)
Stlth   ++........               (no amulet)
HPRegen 0.21/turn                (no ring)
MPRegen 0.09/turn                (no ring)

@: quick
A: very small, claws 1, fangs 3, see invisible, speed 1, shaggy fur 1, stealthy
paws, no weapons or thrown items, no armour, multi-lived
a: no special abilities


You were on level 1 of the Dungeon.
You visited 1 branch of the dungeon, and saw 1 of its levels.

You collected 10 gold pieces.

Inventory:

Potions
 a - a potion of magic
 b - 2 potions of mutation {unknown}


   Skills:
 + Level 2.7 Dodging
 + Level 2.8 Stealth
 + Level 2.0 Spellcasting
 + Level 4.1 Summonings


You had 3 spell levels left.
You knew the following spells:

 Your Spells              Type           Power      Damage    Failure   Level
a - Summon Small Mammal   Summ           56%        N/A       3%          1

Your spell library contained the following spells:

 Spells                   Type           Power      Damage    Failure   Level
 Call Imp                 Summ           14%        N/A       5%          2
 Call Canine Familiar     Summ           14%        N/A       11%         3
 Summon Guardian Golem    Hex/Summ       8%         N/A       26%         3
 Summon Lightning Spire   Summ/Air       8%         N/A       65%         4


Dungeon Overview and Level Annotations

Branches:
Dungeon (1/15)

Altars:


Innate Abilities, Weirdness & Mutations

You have sharp claws.
You have razor-sharp teeth.
You have supernaturally acute eyesight. (SInv)
You cover ground quickly. (Speed+)
You are covered in fur. (AC +1)
Your paws help you pounce on unaware monsters.
You are incapable of wielding weapons or throwing items.
You cannot wear armour.
You gain extra lives every three experience levels.


Message History

You scratch the bat.
You kill the bat!
Your bat misses the ball python. Your bat hits the ball python.
A goblin comes into view. It is wielding a +0 club.
Your bat barely misses the ball python.
The ball python completely misses you. The ball python barely misses you.
You scratch the ball python but do no damage.
Your bite misses the ball python.
The ball python is moderately wounded.
Your bat hits the ball python. The ball python misses your bat. x2
The ball python misses you. x2
You scratch the ball python.
You kill the ball python!
An endoplasm comes into view.
You see here a scroll labelled QANLICHIEDGH.
Casting: Summon Small Mammal (safe; 3% risk of failure)
Confirm with . or Enter, or press ? or * to list all spells.
The goblin shouts!
The endoplasm quivers.
You hear a bark! x3
A jackal comes into view.
Casting: Summon Small Mammal (safe; 3% risk of failure)
Confirm with . or Enter, or press ? or * to list all spells.
Your bat disappears in a puff of smoke!
A jackal comes into view.
The goblin closely misses your rat.
You swap places.
The goblin barely misses you. The endoplasm closely misses you.
You scratch the endoplasm. You claw the endoplasm.
The endoplasm is almost dead.
A jackal comes into view.
Your rat bites the goblin.
An endoplasm comes into view.
The goblin misses you. The endoplasm hits you.
You scratch the endoplasm.
You kill the endoplasm!
The jackal bites you. The jackal closely misses you.
Your rat misses the goblin. The goblin hits you with a +0 club.
Ouch! That really hurt!
You die... #. ...# #. ...# ###.....# ....... # ##..#..# #.##..h#..# .....###.#.#....hg.##.## #.#..... #.J...h@rr.....
PPPPPPP# #.........##.## PPPPPPP# #.##..?#..# ..PPPPP#

#.###†.#..##.#
PP..PPP###......§.....#
.....PP.)..........####
P....PP##...........#
PP..P.P##...#######.#
.PP.P.P#.....## .#


You could see an endoplasm, 3 jackals, a goblin (ally target), a friendly quokka
(summoned) and a friendly rat (summoned).

Vanquished Creatures
  A bat (D:1)
  An endoplasm (D:1)
  A giant cockroach (D:1)
  A ball python (D:1)
  A rat (D:1)
5 creatures vanquished.

Vanquished Creatures (others)
  9 plants (D:1)
9 creatures vanquished.

Grand Total: 14 creatures vanquished

Notes
Turn   | Place    | Note
-------+----------+-------------------------------------------
     0 | D:1      | droidtality the Felid Summoner began the quest for the Orb.
     0 | D:1      | Reached XP level 1. HP: 7/7 MP: 4/4
    72 | D:1      | Slain by a goblin

Illustrated notes

Levels and vault maps discovered:
D:1:      roderic_crop_circles_arrival_small, layout_loops_ring,
          ebering_ecumenical_altar_webs, st_stairs_14

Action                   || total
-------------------------++-------
Melee: Unarmed           ||    15
       Punch             ||     1
 Cast: Summon Small Mamm ||     4
Armor: Skin              ||     2
Dodge: Dodged            ||    17

Table legend: (Time is in decaauts)
 A = Elapsed time spent in this place.
 B = Non-inter-level travel time spent in this place.
 C = Inter-level travel time spent in this place.
 D = Time resting spent in this place.
 E = Time spent auto-exploring this place.
 F = Levels seen in this place.
 G = Mean time per level.
                   A        B        C        D        E       F      G
               +--------+--------+--------+--------+--------+-----+--------+
         Total |     63 |     59 |      4 |      0 |     19 |   1 |   63.0 |
       Dungeon |     63 |     59 |      4 |      0 |     19 |   1 |   63.0 |
               +--------+--------+--------+--------+--------+-----+--------+

Top non-repeatable levels by time:
     D:1: 63 daAuts
